3153 views
Uploaded 2019-12-01 21:10:19
Game version 1.32.0.3 / 1.32.0.3.1
41:37 long 4on4 ladder game on (8)MarketSquare
Saved by BEARAND
3153 views
Uploaded 2019-12-01 21:10:19
Game version 1.32.0.3 / 1.32.0.3.1
41:37 long 4on4 ladder game on (8)MarketSquare


315 units @ 54.8k
/ 10.5k
110 buildings @ 14.1k
/ 6.1k



| Wisp | 20 | 1200 | / | 0 |
| Archer | 5 | 650 | / | 50 |
| Huntress | 2 | 390 | / | 40 |
| Dryad | 37 | 5365 | / | 2220 |
| Druid of the Claw | 7 | 1785 | / | 560 |
| Glaive Thrower | 7 | 1470 | / | 455 |
| total: | 78 | 10860g | / | 3325w |
| Altar of Elders | 1 | 180 | / | 50 |
| Moon Well | 8 | 1440 | / | 320 |
| Ancient of War | 1 | 150 | / | 60 |
| Hunter's Hall | 1 | 210 | / | 100 |
| Tree of Life | 1 | 340 | / | 185 |
| Ancient of Lore | 2 | 310 | / | 290 |
| Tree of Ages | 1 | 320 | / | 180 |
| Tree of Eternity | 1 | 330 | / | 200 |
| total: | 14 | 2630g | / | 1005w |
| 0:06 | Altar of Elders |
| 0:09 | Wisp |
| 0:14 | Moon Well |
| 0:16 | Wisp |
| 0:28 | Ancient of War |
| 0:34 | Wisp |
| 0:54 | Wisp |
| 0:54 | Wisp |
| 1:18 | Wisp |
| 1:34 | Moon Well |
| 1:36 | Archer |
| 1:42 | Archer |
| 1:48 | Wisp |
| 1:53 | Wisp |
| 2:12 | Trueshot Aura |
| 3:20 | Tree of Ages |
| 3:22 | Archer |
| 3:28 | Hunter's Hall |
| 3:41 | Moon Well |
| 3:59 | Archer |
| 4:00 | Archer |
| 4:56 | Scout |
| 4:58 | Huntress |
| 4:59 | Huntress |
| 5:01 | Ultravision |
| 5:07 | Strength of the Wild |
| 5:08 | Reinforced Hides |
| 5:50 | Ancient of Lore |
| 5:51 | Ancient of Lore |
| 5:53 | Wisp |
| 5:53 | Wisp |
| 5:54 | Wisp |
| 6:14 | Moon Well |
| 7:01 | Moon Well |
| 7:06 | Dryad |
| 7:07 | Dryad |
| 7:09 | Abolish Magic |
| 7:11 | Dryad |
| 7:34 | Trueshot Aura |
| 8:01 | Tree of Life |
| 8:14 | Wisp |
| 8:14 | Wisp |
| 9:34 | Entangling Roots |
| 10:05 | Druid of the Claw Adept Training |
| 10:07 | Tree of Eternity |
| 10:09 | Improved Strength of the Wild |
| 10:10 | Improved Reinforced Hides |
| 10:24 | Moon Well |
| 10:25 | Moon Well |
| 10:32 | Dryad |
| 10:56 | Searing Arrows |
| 11:18 | Wisp |
| 11:18 | Wisp |
| 11:19 | Wisp |
| 11:19 | Wisp |
| 11:19 | Wisp |
| 11:27 | Dryad |
| 12:18 | Moon Well |
| 12:21 | Druid of the Claw |
| 12:21 | Druid of the Claw |
| 13:06 | Thorns Aura |
| 13:33 | Druid of the Claw Master Training |
| 13:39 | Advanced Strength of the Wild |
| 13:39 | Advanced Reinforced Hides |
| 14:04 | Druid of the Claw |
| 15:15 | Mark of the Claw |
| 15:16 | Druid of the Claw |
| 15:18 | Dryad |
| 15:19 | Dryad |
| 15:20 | Druid of the Claw |
| 15:21 | Dryad |
| 16:25 | Forked Lightning |
| 18:12 | Dryad |
| 18:12 | Dryad |
| 18:12 | Dryad |
| 18:26 | Glaive Thrower |
| 18:26 | Glaive Thrower |
| 18:34 | Well Spring |
| 18:35 | Strength of the Moon |
| 18:36 | Moon Armor |
| 18:40 | Wisp |
| 18:40 | Wisp |
| 20:39 | Vorpal Blades |
| 20:42 | Druid of the Claw |
| 20:44 | Druid of the Claw |
| 20:46 | Dryad |
| 20:46 | Dryad |
| 20:47 | Dryad |
| 20:48 | Dryad |
| 23:36 | Improved Strength of the Moon |
| 23:36 | Improved Moon Armor |
| 25:52 | Dryad |
| 25:52 | Dryad |
| 25:52 | Dryad |
| 25:54 | Dryad |
| 25:54 | Dryad |
| 25:54 | Dryad |
| 26:06 | Glaive Thrower |
| 26:07 | Glaive Thrower |
| 26:07 | Glaive Thrower |
| 26:07 | Glaive Thrower |
| 26:08 | Glaive Thrower |
| 26:11 | Advanced Strength of the Moon |
| 26:11 | Advanced Moon Armor |
| 28:30 | Dryad |
| 28:30 | Dryad |
| 28:32 | Dryad |
| 28:32 | Dryad |
| 32:19 | Dryad |
| 32:19 | Dryad |
| 35:01 | Dryad |
| 35:01 | Dryad |
| 35:03 | Dryad |
| 35:03 | Dryad |
| 36:48 | Dryad |
| 36:49 | Dryad |
| 36:50 | Dryad |
| 36:50 | Dryad |
| 36:50 | Dryad |
| 36:51 | Dryad |
| Right click | 2705 |
| Select | 479 |
| Select group | 238 |
| Build/train/purchase | 119 |
| Assign group | 57 |
| Use ability | 16 |
| Misc. action | 6 |
| Minimap ping | 2 |



| Healing Salve | 2 | 200 |
| Scroll of Speed | 2 | 100 |
| Lesser Clarity Potion | 1 | 70 |
| total: | 5 | 370g |
| Peon | 13 | 975 | / | 0 |
| Grunt | 29 | 5800 | / | 0 |
| Tauren | 20 | 5600 | / | 1600 |
| Demolisher | 6 | 1320 | / | 300 |
| Shaman | 11 | 1430 | / | 220 |
| total: | 79 | 15125g | / | 2120w |
| Altar of Storms | 1 | 180 | / | 50 |
| Orc Burrow | 8 | 1280 | / | 320 |
| Barracks | 1 | 180 | / | 50 |
| Voodoo Lounge | 2 | 260 | / | 60 |
| War Mill | 2 | 410 | / | 0 |
| Great Hall | 1 | 385 | / | 185 |
| Tauren Totem | 1 | 135 | / | 155 |
| Spirit Lodge | 1 | 150 | / | 150 |
| Stronghold | 1 | 315 | / | 190 |
| Fortress | 1 | 325 | / | 190 |
| total: | 17 | 2980g | / | 970w |
| 0:04 | Peon |
| 0:04 | Peon |
| 0:04 | Peon |
| 0:22 | Altar of Storms |
| 0:35 | Orc Burrow |
| 0:46 | Peon |
| 0:51 | Barracks |
| 1:01 | Peon |
| 1:16 | Peon |
| 1:16 | Peon |
| 1:39 | Voodoo Lounge |
| 1:43 | Voodoo Lounge |
| 1:53 | Grunt |
| 1:58 | Orc Burrow |
| 2:21 | War Mill |
| 2:27 | Critical Strike |
| 2:33 | War Mill |
| 2:51 | Grunt |
| 3:01 | Grunt |
| 3:38 | Healing Salve |
| 3:44 | Steel Armor |
| 3:47 | Grunt |
| 3:54 | Orc Burrow |
| 4:30 | Pillage |
| 4:33 | Wind Walk |
| 4:47 | Grunt |
| 4:57 | Grunt |
| 5:33 | Stronghold |
| 5:53 | Wind Walk |
| 6:07 | Grunt |
| 6:21 | Orc Burrow |
| 6:29 | Scroll of Speed |
| 6:29 | Lesser Clarity Potion |
| 6:32 | Healing Salve |
| 6:53 | Steel Melee Weapons |
| 7:21 | Grunt |
| 7:21 | Grunt |
| 7:56 | Berserker Strength |
| 7:58 | Thorium Armor |
| 8:11 | Thorium Melee Weapons |
| 8:16 | Tauren Totem |
| 9:08 | Healing Wave |
| 9:24 | Fortress |
| 9:36 | Spirit Walker Adept Training |
| 10:34 | Orc Burrow |
| 11:04 | Hex |
| 11:41 | Great Hall |
| 11:46 | Peon |
| 11:47 | Peon |
| 11:47 | Peon |
| 11:48 | Peon |
| 11:56 | Spirit Walker Master Training |
| 11:57 | Pulverize |
| 12:33 | Peon |
| 12:46 | Arcanite Armor |
| 12:51 | Endurance Aura |
| 13:27 | Orc Burrow |
| 13:41 | Healing Wave |
| 13:53 | Grunt |
| 13:56 | Critical Strike |
| 14:21 | Tauren |
| 15:36 | Tauren |
| 15:53 | Grunt |
| 16:11 | Arcanite Melee Weapons |
| 16:27 | Tauren |
| 16:31 | Grunt |
| 17:07 | Tauren |
| 17:08 | Grunt |
| 17:32 | Reinforced Defenses |
| 17:33 | Spiked Barricades |
| 18:07 | Orc Burrow |
| 18:09 | Orc Burrow |
| 18:21 | War Stomp |
| 19:00 | Spirit Lodge |
| 19:28 | Grunt |
| 19:29 | Tauren |
| 19:30 | Grunt |
| 19:51 | Improved Spiked Barricades |
| 20:47 | Tauren |
| 20:48 | Grunt |
| 21:15 | Shaman Adept Training |
| 21:46 | Tauren |
| 21:47 | Grunt |
| 22:10 | Burning Oil |
| 22:12 | Demolisher |
| 22:30 | Tauren |
| 23:17 | Tauren |
| 23:56 | Shaman Master Training |
| 23:58 | Demolisher |
| 25:08 | Grunt |
| 25:08 | Tauren |
| 25:14 | Shaman |
| 25:18 | Demolisher |
| 25:33 | Tauren |
| 26:30 | Grunt |
| 26:33 | Shaman |
| 27:52 | Tauren |
| 27:53 | Grunt |
| 27:54 | Shaman |
| 28:05 | Grunt |
| 28:26 | Grunt |
| 28:27 | Shaman |
| 28:29 | Tauren |
| 28:56 | Shaman |
| 29:25 | Tauren |
| 29:26 | Grunt |
| 29:32 | Shaman |
| 29:49 | Grunt |
| 29:51 | Tauren |
| 29:52 | Shaman |
| 30:22 | Grunt |
| 30:23 | Tauren |
| 30:24 | Shaman |
| 30:40 | Grunt |
| 30:42 | Shaman |
| 30:44 | Grunt |
| 30:45 | Peon |
| 31:47 | Scroll of Speed |
| 33:58 | Endurance Aura |
| 34:43 | Demolisher |
| 34:44 | Demolisher |
| 34:49 | Grunt |
| 35:33 | Demolisher |
| 36:18 | Tauren |
| 36:20 | Shaman |
| 37:17 | Tauren |
| 37:25 | Shaman |
| 38:05 | Tauren |
| 38:48 | Tauren |
| 39:37 | Grunt |
| Right click | 1124 |
| Select | 754 |
| Select group | 389 |
| Misc. action | 247 |
| Build/train/purchase | 215 |
| Chat | 96 |
| Assign group | 79 |
| Resource trade | 59 |
| Use ability | 45 |
| Minimap ping | 18 |
| Esc | 5 |
| Item give/drop | 1 |


| Wisp | 25 | 1500 | / | 0 |
| Archer | 10 | 1300 | / | 100 |
| Huntress | 2 | 390 | / | 40 |
| Hippogryph | 2 | 320 | / | 40 |
| Faerie Dragon | 19 | 2945 | / | 475 |
| Chimaera | 16 | 5280 | / | 1120 |
| Mountain Giant | 10 | 3500 | / | 1000 |
| Glaive Thrower | 3 | 630 | / | 195 |
| total: | 87 | 15865g | / | 2970w |
| Ancient Protector | 3 | 405 | / | 240 |
| Moon Well | 11 | 1980 | / | 440 |
| Altar of Elders | 1 | 180 | / | 50 |
| Ancient of Wonders | 2 | 180 | / | 60 |
| Ancient of War | 2 | 300 | / | 120 |
| Hunter's Hall | 1 | 210 | / | 100 |
| Tree of Life | 2 | 680 | / | 370 |
| Ancient of Wind | 2 | 300 | / | 280 |
| Ancient of Lore | 1 | 155 | / | 145 |
| Chimaera Roost | 2 | 280 | / | 380 |
| Tree of Ages | 3 | 960 | / | 540 |
| Tree of Eternity | 2 | 660 | / | 400 |
| total: | 27 | 4670g | / | 2185w |
| 0:06 | Moon Well |
| 0:08 | Wisp |
| 0:08 | Wisp |
| 0:27 | Altar of Elders |
| 0:32 | Wisp |
| 1:05 | Wisp |
| 1:06 | Wisp |
| 1:15 | Ancient of Wonders |
| 1:26 | Ancient of War |
| 1:47 | Wisp |
| 1:48 | Wisp |
| 2:30 | Moon Well |
| 2:34 | Moon Well |
| 2:41 | Hunter's Hall |
| 2:49 | Wisp |
| 2:49 | Wisp |
| 2:53 | Archer |
| 2:53 | Archer |
| 2:53 | Archer |
| 2:53 | Archer |
| 3:06 | Immolation |
| 3:19 | Moon Well |
| 3:23 | Moon Well |
| 3:26 | Moon Well |
| 4:28 | Tree of Ages |
| 4:42 | Ancient of War |
| 5:21 | Evasion |
| 5:28 | Strength of the Moon |
| 5:38 | Ancient of Wonders |
| 5:51 | Ancient Protector |
| 6:04 | Huntress |
| 6:49 | Wisp |
| 6:49 | Wisp |
| 6:50 | Wisp |
| 6:58 | Ancient of Wind |
| 7:09 | Improved Bows |
| 7:10 | Archer |
| 7:32 | Archer |
| 8:01 | Huntress |
| 8:06 | Ancient of Wind |
| 8:10 | Wisp |
| 8:10 | Wisp |
| 8:47 | Tree of Eternity |
| 9:32 | Sentinel |
| 9:38 | Hippogryph |
| 9:38 | Hippogryph |
| 9:53 | Moon Well |
| 10:28 | Tree of Life |
| 10:35 | Immolation |
| 11:26 | Wisp |
| 11:26 | Wisp |
| 11:49 | Chimaera Roost |
| 11:49 | Chimaera Roost |
| 12:39 | Well Spring |
| 12:54 | Ancient of Lore |
| 13:18 | Archer |
| 13:58 | Corrosive Breath |
| 14:04 | Faerie Dragon |
| 14:04 | Faerie Dragon |
| 14:37 | Wisp |
| 14:37 | Wisp |
| 15:04 | Chimaera |
| 15:48 | Chimaera |
| 16:12 | Strength of the Wild |
| 16:20 | Wisp |
| 16:21 | Wisp |
| 16:21 | Wisp |
| 16:25 | Mountain Giant |
| 16:27 | Resistant Skin |
| 17:38 | Ancient Protector |
| 17:42 | Archer |
| 17:42 | Archer |
| 18:15 | Chimaera |
| 18:23 | Wisp |
| 18:24 | Wisp |
| 19:25 | Evasion |
| 20:16 | Moon Well |
| 20:18 | Moon Well |
| 20:49 | Chimaera |
| 20:49 | Chimaera |
| 20:49 | Chimaera |
| 20:49 | Chimaera |
| 21:22 | Moon Glaive |
| 21:24 | Improved Strength of the Moon |
| 21:25 | Improved Strength of the Wild |
| 21:25 | Reinforced Hides |
| 22:15 | Hardened Skin |
| 22:16 | Mountain Giant |
| 22:17 | Mountain Giant |
| 22:24 | Faerie Dragon |
| 22:25 | Faerie Dragon |
| 22:52 | Glaive Thrower |
| 23:07 | Faerie Dragon |
| 25:02 | Vorpal Blades |
| 25:03 | Glaive Thrower |
| 25:03 | Glaive Thrower |
| 25:09 | Chimaera |
| 25:47 | Chimaera |
| 26:35 | Moon Well |
| 26:39 | Moon Well |
| 26:52 | Chimaera |
| 26:55 | Marksmanship |
| 26:56 | Archer |
| 27:31 | Faerie Dragon |
| 27:31 | Faerie Dragon |
| 27:31 | Faerie Dragon |
| 27:31 | Faerie Dragon |
| 27:31 | Faerie Dragon |
| 28:15 | Searing Arrows |
| 29:10 | Wisp |
| 30:14 | Advanced Strength of the Moon |
| 30:15 | Moon Armor |
| 30:15 | Improved Reinforced Hides |
| 30:15 | Ultravision |
| 30:16 | Advanced Strength of the Wild |
| 30:28 | Tree of Life |
| 30:44 | Chimaera |
| 30:44 | Chimaera |
| 31:30 | Chimaera |
| 33:04 | Faerie Dragon |
| 33:04 | Faerie Dragon |
| 33:05 | Faerie Dragon |
| 33:05 | Faerie Dragon |
| 33:05 | Faerie Dragon |
| 33:05 | Faerie Dragon |
| 33:29 | Improved Moon Armor |
| 33:59 | Wisp |
| 34:07 | Chimaera |
| 35:02 | Faerie Dragon |
| 35:02 | Faerie Dragon |
| 35:02 | Faerie Dragon |
| 37:18 | Chimaera |
| 37:21 | Mountain Giant |
| 37:21 | Mountain Giant |
| 37:21 | Mountain Giant |
| 37:22 | Mountain Giant |
| 38:06 | Tree of Ages |
| 38:09 | Tree of Ages |
| 38:13 | Ancient Protector |
| 38:49 | Advanced Moon Armor |
| 38:50 | Advanced Reinforced Hides |
| 39:39 | Mountain Giant |
| 39:39 | Mountain Giant |
| 39:39 | Mountain Giant |
| 40:19 | Chimaera |
| Right click | 1668 |
| Select | 398 |
| Select group | 180 |
| Build/train/purchase | 151 |
| Assign group | 44 |
| Use ability | 7 |
| Esc | 7 |

| Peasant | 20 | 1500 | / | 0 |
| Rifleman | 30 | 6150 | / | 900 |
| Dragonhawk Rider | 6 | 1200 | / | 180 |
| Gryphon Rider | 14 | 3920 | / | 980 |
| Siege Engine | 1 | 195 | / | 60 |
| total: | 71 | 12965g | / | 2120w |
| Scout Tower | 27 | 810 | / | 540 |
| Guard Tower | 16 | 1120 | / | 800 |
| Arcane Tower | 3 | 210 | / | 150 |
| Lumber Mill | 1 | 120 | / | 0 |
| Barracks | 3 | 480 | / | 180 |
| Altar of Kings | 1 | 180 | / | 50 |
| Farm | 13 | 1040 | / | 260 |
| Blacksmith | 1 | 140 | / | 60 |
| Town Hall | 1 | 385 | / | 205 |
| Arcane Vault | 1 | 130 | / | 30 |
| Cannon Tower | 3 | 360 | / | 300 |
| Gryphon Aviary | 3 | 420 | / | 450 |
| Workshop | 1 | 140 | / | 140 |
| Keep | 1 | 320 | / | 210 |
| Castle | 1 | 360 | / | 210 |
| total: | 52 | 3845g | / | 1915w |
| 0:13 | Lumber Mill |
| 0:18 | Peasant |
| 0:18 | Peasant |
| 0:18 | Peasant |
| 0:18 | Peasant |
| 0:18 | Peasant |
| 0:18 | Peasant |
| 0:19 | Peasant |
| 0:19 | Peasant |
| 1:22 | Barracks |
| 1:27 | Peasant |
| 1:39 | Peasant |
| 1:39 | Peasant |
| 1:44 | Altar of Kings |
| 1:55 | Barracks |
| 2:16 | Farm |
| 2:28 | Farm |
| 2:30 | Peasant |
| 2:45 | Barracks |
| 3:14 | Blacksmith |
| 3:29 | Farm |
| 4:08 | Farm |
| 4:15 | Keep |
| 4:49 | Black Gunpowder |
| 4:51 | Studded Leather Armor |
| 4:54 | Farm |
| 5:13 | Rifleman |
| 5:13 | Rifleman |
| 5:14 | Rifleman |
| 5:21 | Farm |
| 5:47 | Farm |
| 5:53 | Rifleman |
| 5:53 | Rifleman |
| 6:25 | Farm |
| 6:28 | Farm |
| 6:36 | Rifleman |
| 6:42 | Flame Strike |
| 7:51 | Banish |
| 8:02 | Town Hall |
| 8:13 | Farm |
| 8:17 | Rifleman |
| 8:18 | Rifleman |
| 8:18 | Rifleman |
| 8:58 | Rifleman |
| 9:10 | Reinforced Leather Armor |
| 9:43 | Long Rifles |
| 9:49 | Farm |
| 9:55 | Peasant |
| 9:55 | Peasant |
| 9:59 | Improved Lumber Harvesting |
| 10:44 | Peasant |
| 10:45 | Peasant |
| 10:51 | Rifleman |
| 10:52 | Rifleman |
| 11:35 | Peasant |
| 11:36 | Peasant |
| 11:38 | Peasant |
| 11:47 | Farm |
| 12:12 | Peasant |
| 12:17 | Rifleman |
| 12:18 | Rifleman |
| 12:19 | Rifleman |
| 13:50 | Rifleman |
| 13:51 | Rifleman |
| 13:51 | Rifleman |
| 14:25 | Rifleman |
| 14:26 | Rifleman |
| 14:26 | Rifleman |
| 14:28 | Refined Gunpowder |
| 14:30 | Castle |
| 15:20 | Gryphon Aviary |
| 15:47 | Rifleman |
| 15:48 | Rifleman |
| 15:48 | Rifleman |
| 15:49 | Rifleman |
| 15:49 | Rifleman |
| 16:00 | Rifleman |
| 16:04 | Siphon Mana |
| 16:41 | Farm |
| 16:50 | Rifleman |
| 16:51 | Rifleman |
| 17:17 | Rifleman |
| 18:33 | Imbued Gunpowder |
| 18:34 | Dragonhide Armor |
| 18:48 | Arcane Vault |
| 19:55 | Cloud |
| 19:59 | Storm Hammers |
| 22:27 | Dragonhawk Rider |
| 22:28 | Dragonhawk Rider |
| 22:29 | Dragonhawk Rider |
| 22:30 | Dragonhawk Rider |
| 22:30 | Dragonhawk Rider |
| 22:31 | Dragonhawk Rider |
| 24:24 | Gryphon Aviary |
| 24:30 | Gryphon Aviary |
| 26:01 | Gryphon Rider |
| 26:02 | Gryphon Rider |
| 26:02 | Gryphon Rider |
| 26:03 | Gryphon Rider |
| 26:05 | Gryphon Rider |
| 26:05 | Gryphon Rider |
| 26:05 | Gryphon Rider |
| 26:06 | Gryphon Rider |
| 27:46 | Scout Tower |
| 28:55 | Guard Tower |
| 29:00 | Scout Tower |
| 29:10 | Scout Tower |
| 29:27 | Scout Tower |
| 29:34 | Scout Tower |
| 29:37 | Scout Tower |
| 29:41 | Scout Tower |
| 29:53 | Scout Tower |
| 30:01 | Scout Tower |
| 30:05 | Scout Tower |
| 30:30 | Arcane Tower |
| 30:32 | Guard Tower |
| 30:32 | Guard Tower |
| 30:34 | Guard Tower |
| 30:35 | Guard Tower |
| 30:36 | Guard Tower |
| 30:38 | Guard Tower |
| 30:39 | Guard Tower |
| 30:40 | Guard Tower |
| 31:31 | Scout Tower |
| 31:33 | Scout Tower |
| 31:35 | Scout Tower |
| 31:44 | Scout Tower |
| 31:47 | Scout Tower |
| 32:33 | Scout Tower |
| 32:39 | Gryphon Rider |
| 32:39 | Gryphon Rider |
| 32:40 | Gryphon Rider |
| 32:40 | Gryphon Rider |
| 32:41 | Gryphon Rider |
| 32:41 | Gryphon Rider |
| 32:58 | Scout Tower |
| 33:04 | Scout Tower |
| 33:10 | Scout Tower |
| 33:15 | Scout Tower |
| 33:17 | Scout Tower |
| 33:20 | Arcane Tower |
| 33:23 | Arcane Tower |
| 33:37 | Workshop |
| 34:06 | Backpack |
| 34:13 | Scout Tower |
| 34:16 | Scout Tower |
| 34:17 | Guard Tower |
| 34:20 | Guard Tower |
| 34:48 | Guard Tower |
| 34:52 | Cannon Tower |
| 34:56 | Scout Tower |
| 34:58 | Scout Tower |
| 35:29 | Scout Tower |
| 35:33 | Scout Tower |
| 36:20 | Siege Engine |
| 38:40 | Cannon Tower |
| 38:45 | Cannon Tower |
| 38:46 | Guard Tower |
| 38:47 | Guard Tower |
| 38:48 | Guard Tower |
| 38:49 | Guard Tower |
| Right click | 665 |
| Select | 368 |
| Build/train/purchase | 112 |
| Select group | 42 |
| Use ability | 17 |
| Assign group | 9 |
| Esc | 5 |
| Minimap ping | 2 |
80 units @ 6.4k
/ 0.1k
258 buildings @ 11.9k
/ 6.1k



| Scroll of Regeneration | 3 | 300 |
| Staff of Sanctuary | 2 | 500 |
| Lesser Clarity Potion | 3 | 210 |
| Orb of Fire | 2 | 650 |
| Boots of Speed | 3 | 750 |
| Staff of Teleportation | 3 | 450 |
| Circlet of Nobility | 2 | 350 |
| Periapt of Vitality | 1 | 325 |
| total: | 19 | 3535g |
| Peasant | 14 | 1050 | / | 0 |
| Priest | 2 | 270 | / | 20 |
| total: | 16 | 1320g | / | 20w |
| Scout Tower | 49 | 1470 | / | 980 |
| Arcane Tower | 8 | 560 | / | 400 |
| Guard Tower | 20 | 1400 | / | 1000 |
| Altar of Kings | 1 | 180 | / | 50 |
| Lumber Mill | 1 | 120 | / | 0 |
| Farm | 5 | 400 | / | 100 |
| Arcane Vault | 2 | 260 | / | 60 |
| Arcane Sanctum | 1 | 150 | / | 140 |
| Keep | 1 | 320 | / | 210 |
| Castle | 1 | 360 | / | 210 |
| total: | 59 | 2580g | / | 1330w |
| 0:02 | Peasant |
| 0:04 | Altar of Kings |
| 0:22 | Lumber Mill |
| 0:22 | Peasant |
| 0:23 | Peasant |
| 0:34 | Peasant |
| 0:39 | Farm |
| 0:40 | Peasant |
| 0:55 | Farm |
| 0:56 | Peasant |
| 1:19 | Scout Tower |
| 1:21 | Peasant |
| 1:30 | Peasant |
| 1:45 | Scout Tower |
| 1:49 | Arcane Vault |
| 1:57 | Peasant |
| 2:02 | Arcane Tower |
| 2:08 | Peasant |
| 2:13 | Storm Bolt |
| 2:15 | Arcane Tower |
| 2:21 | Peasant |
| 2:39 | Peasant |
| 2:42 | Scout Tower |
| 3:04 | Peasant |
| 3:14 | Scout Tower |
| 3:16 | Peasant |
| 3:18 | Improved Masonry |
| 3:39 | Keep |
| 3:42 | Guard Tower |
| 3:47 | Scout Tower |
| 3:48 | Guard Tower |
| 3:55 | Bash |
| 4:10 | Scout Tower |
| 4:14 | Guard Tower |
| 4:29 | Boots of Speed |
| 4:30 | Staff of Teleportation |
| 5:05 | Scout Tower |
| 5:05 | Guard Tower |
| 5:21 | Scout Tower |
| 5:21 | Scout Tower |
| 5:27 | Scout Tower |
| 5:54 | Guard Tower |
| 5:56 | Farm |
| 6:07 | Guard Tower |
| 6:10 | Arcane Sanctum |
| 6:13 | Storm Bolt |
| 6:37 | Arcane Tower |
| 6:40 | Guard Tower |
| 7:06 | Bash |
| 7:12 | Castle |
| 7:23 | Scout Tower |
| 7:23 | Scout Tower |
| 7:31 | Holy Light |
| 7:35 | Farm |
| 7:51 | Boots of Speed |
| 7:51 | Staff of Teleportation |
| 8:48 | Guard Tower |
| 8:49 | Scout Tower |
| 8:50 | Scout Tower |
| 8:57 | Magic Sentry |
| 9:37 | Scroll of Regeneration |
| 9:38 | Staff of Sanctuary |
| 9:41 | Advanced Masonry |
| 9:41 | Improved Lumber Harvesting |
| 9:42 | Arcane Tower |
| 9:48 | Priest Adept Training |
| 9:54 | Priest |
| 9:55 | Guard Tower |
| 9:57 | Scout Tower |
| 10:00 | Lesser Clarity Potion |
| 10:06 | Orb of Fire |
| 10:15 | Scroll of Regeneration |
| 10:36 | Scout Tower |
| 10:37 | Guard Tower |
| 11:15 | Guard Tower |
| 11:15 | Scout Tower |
| 11:17 | Scout Tower |
| 11:37 | Divine Shield |
| 11:57 | Siphon Mana |
| 11:59 | Imbued Masonry |
| 12:25 | Arcane Vault |
| 12:53 | Boots of Speed |
| 12:53 | Staff of Teleportation |
| 13:54 | Scout Tower |
| 14:12 | Storm Bolt |
| 15:05 | Scout Tower |
| 15:06 | Guard Tower |
| 15:12 | Farm |
| 15:19 | Scroll of Regeneration |
| 15:22 | Lesser Clarity Potion |
| 15:29 | Orb of Fire |
| 15:43 | Guard Tower |
| 15:44 | Guard Tower |
| 15:46 | Scout Tower |
| 15:47 | Scout Tower |
| 15:52 | Priest |
| 15:52 | Priest Master Training |
| 16:39 | Banish |
| 17:20 | Holy Light |
| 18:01 | Arcane Tower |
| 18:04 | Guard Tower |
| 18:14 | Circlet of Nobility |
| 18:19 | Periapt of Vitality |
| 19:33 | Scout Tower |
| 19:35 | Scout Tower |
| 19:35 | Scout Tower |
| 19:38 | Scout Tower |
| 19:39 | Scout Tower |
| 19:39 | Scout Tower |
| 19:42 | Scout Tower |
| 19:42 | Scout Tower |
| 19:43 | Scout Tower |
| 19:43 | Scout Tower |
| 19:44 | Scout Tower |
| 19:44 | Scout Tower |
| 19:45 | Scout Tower |
| 19:45 | Scout Tower |
| 20:12 | Guard Tower |
| 20:40 | Siphon Mana |
| 20:46 | Lesser Clarity Potion |
| 22:03 | Arcane Tower |
| 22:04 | Guard Tower |
| 24:50 | Divine Shield |
| 25:58 | Guard Tower |
| 26:38 | Banish |
| 26:52 | Avatar |
| 27:38 | Scout Tower |
| 27:39 | Scout Tower |
| 27:39 | Scout Tower |
| 27:40 | Scout Tower |
| 27:41 | Scout Tower |
| 27:41 | Scout Tower |
| 27:42 | Scout Tower |
| 28:34 | Arcane Tower |
| 29:10 | Staff of Sanctuary |
| 32:08 | Arcane Tower |
| 34:16 | Guard Tower |
| 34:28 | Scout Tower |
| 34:30 | Scout Tower |
| 34:30 | Scout Tower |
| 34:33 | Scout Tower |
| 34:33 | Scout Tower |
| 34:33 | Scout Tower |
| 36:31 | Holy Light |
| 37:27 | Guard Tower |
| 37:38 | Siphon Mana |
| 39:06 | Circlet of Nobility |
| 40:15 | Bash |
| Right click | 2873 |
| Select group | 1845 |
| Assign group | 451 |
| Select | 376 |
| Use ability | 222 |
| Build/train/purchase | 149 |
| Chat | 60 |
| Misc. action | 59 |
| Item give/drop | 5 |
| Minimap ping | 1 |



| Staff of Sanctuary | 3 | 750 |
| Orb of Fire | 1 | 325 |
| Staff of Teleportation | 3 | 450 |
| Boots of Speed | 3 | 750 |
| Potion of Invisibility | 1 | 100 |
| Periapt of Vitality | 1 | 325 |
| Circlet of Nobility | 1 | 175 |
| total: | 13 | 2875g |
| Peasant | 25 | 1875 | / | 0 |
| Priest | 1 | 135 | / | 10 |
| total: | 26 | 2010g | / | 10w |
| Scout Tower | 37 | 1110 | / | 740 |
| Arcane Tower | 4 | 280 | / | 200 |
| Guard Tower | 15 | 1050 | / | 750 |
| Altar of Kings | 1 | 180 | / | 50 |
| Farm | 4 | 320 | / | 80 |
| Lumber Mill | 3 | 360 | / | 0 |
| Town Hall | 1 | 385 | / | 205 |
| Arcane Vault | 2 | 260 | / | 60 |
| Arcane Sanctum | 1 | 150 | / | 140 |
| Keep | 1 | 320 | / | 210 |
| Castle | 1 | 360 | / | 210 |
| total: | 49 | 2765g | / | 1275w |
| 0:01 | Peasant |
| 0:06 | Altar of Kings |
| 0:12 | Peasant |
| 0:18 | Farm |
| 0:20 | Lumber Mill |
| 0:21 | Peasant |
| 0:33 | Peasant |
| 0:51 | Scout Tower |
| 0:54 | Peasant |
| 0:58 | Farm |
| 1:13 | Peasant |
| 1:20 | Peasant |
| 1:21 | Arcane Tower |
| 1:35 | Peasant |
| 1:45 | Scout Tower |
| 1:47 | Peasant |
| 1:54 | Peasant |
| 2:01 | Farm |
| 2:14 | Blizzard |
| 2:25 | Peasant |
| 2:27 | Arcane Tower |
| 2:29 | Scout Tower |
| 2:35 | Scout Tower |
| 2:36 | Scout Tower |
| 3:05 | Scout Tower |
| 3:06 | Scout Tower |
| 3:06 | Scout Tower |
| 3:08 | Scout Tower |
| 3:10 | Peasant |
| 3:11 | Peasant |
| 3:13 | Guard Tower |
| 3:20 | Scout Tower |
| 3:28 | Peasant |
| 3:34 | Improved Masonry |
| 3:50 | Guard Tower |
| 3:58 | Lumber Mill |
| 3:58 | Lumber Mill |
| 3:59 | Guard Tower |
| 4:03 | Brilliance Aura |
| 4:10 | Guard Tower |
| 4:18 | Peasant |
| 5:02 | Peasant |
| 5:08 | Town Hall |
| 5:10 | Guard Tower |
| 5:11 | Guard Tower |
| 5:13 | Guard Tower |
| 5:48 | Peasant |
| 5:51 | Farm |
| 6:12 | Guard Tower |
| 6:13 | Scout Tower |
| 6:14 | Scout Tower |
| 6:14 | Scout Tower |
| 6:15 | Scout Tower |
| 6:27 | Keep |
| 6:56 | Peasant |
| 6:56 | Peasant |
| 7:17 | Blizzard |
| 7:30 | Guard Tower |
| 7:31 | Scout Tower |
| 7:32 | Scout Tower |
| 7:33 | Peasant |
| 7:33 | Peasant |
| 7:55 | Peasant |
| 8:56 | Breath of Fire |
| 9:14 | Guard Tower |
| 9:15 | Guard Tower |
| 9:22 | Scout Tower |
| 9:23 | Scout Tower |
| 9:25 | Arcane Vault |
| 9:30 | Arcane Vault |
| 9:32 | Castle |
| 9:42 | Advanced Masonry |
| 9:44 | Peasant |
| 9:45 | Peasant |
| 10:00 | Staff of Teleportation |
| 10:01 | Boots of Speed |
| 10:15 | Peasant |
| 10:35 | Scout Tower |
| 10:36 | Scout Tower |
| 10:51 | Scout Tower |
| 10:52 | Scout Tower |
| 10:55 | Improved Lumber Harvesting |
| 11:20 | Guard Tower |
| 11:30 | Staff of Teleportation |
| 11:31 | Boots of Speed |
| 11:31 | Potion of Invisibility |
| 11:41 | Guard Tower |
| 12:09 | Scout Tower |
| 12:10 | Guard Tower |
| 12:17 | Scout Tower |
| 12:17 | Scout Tower |
| 12:23 | Scout Tower |
| 12:23 | Scout Tower |
| 12:24 | Scout Tower |
| 12:25 | Scout Tower |
| 12:25 | Scout Tower |
| 12:26 | Scout Tower |
| 13:19 | Guard Tower |
| 13:21 | Imbued Masonry |
| 14:17 | Staff of Sanctuary |
| 14:19 | Staff of Sanctuary |
| 14:28 | Holy Light |
| 14:30 | Staff of Sanctuary |
| 14:30 | Orb of Fire |
| 15:08 | Staff of Teleportation |
| 15:09 | Boots of Speed |
| 15:26 | Arcane Sanctum |
| 15:27 | Advanced Lumber Harvesting |
| 15:31 | Brilliance Aura |
| 15:52 | Scout Tower |
| 16:38 | Drunken Haze |
| 17:33 | Divine Shield |
| 19:35 | Magic Sentry |
| 19:43 | Breath of Fire |
| 20:04 | Arcane Tower |
| 21:37 | Holy Light |
| 23:34 | Blizzard |
| 23:47 | Drunken Haze |
| 25:39 | Divine Shield |
| 28:03 | Periapt of Vitality |
| 28:05 | Circlet of Nobility |
| 29:02 | Scout Tower |
| 29:02 | Scout Tower |
| 29:02 | Scout Tower |
| 29:03 | Scout Tower |
| 29:03 | Scout Tower |
| 32:23 | Breath of Fire |
| 33:16 | Priest |
| 34:13 | Arcane Tower |
| 35:08 | Mass Teleport |
| 36:31 | Holy Light |
| Right click | 2740 |
| Select | 1106 |
| Select group | 714 |
| Assign group | 512 |
| Use ability | 176 |
| Chat | 123 |
| Build/train/purchase | 110 |
| Misc. action | 17 |
| Item give/drop | 7 |
| Minimap ping | 5 |



| Staff of Sanctuary | 4 | 1000 |
| Orb of Fire | 2 | 650 |
| Boots of Speed | 3 | 750 |
| Staff of Teleportation | 3 | 450 |
| Periapt of Vitality | 2 | 650 |
| Circlet of Nobility | 2 | 350 |
| total: | 16 | 3850g |
| Peasant | 14 | 1050 | / | 0 |
| Priest | 1 | 135 | / | 10 |
| total: | 15 | 1185g | / | 10w |
| Scout Tower | 39 | 1170 | / | 780 |
| Arcane Tower | 2 | 140 | / | 100 |
| Guard Tower | 14 | 980 | / | 700 |
| Altar of Kings | 1 | 180 | / | 50 |
| Farm | 5 | 400 | / | 100 |
| Lumber Mill | 1 | 120 | / | 0 |
| Arcane Vault | 3 | 390 | / | 90 |
| Arcane Sanctum | 1 | 150 | / | 140 |
| Keep | 1 | 320 | / | 210 |
| Castle | 1 | 360 | / | 210 |
| total: | 50 | 2410g | / | 1160w |
| 0:02 | Peasant |
| 0:02 | Peasant |
| 0:06 | Altar of Kings |
| 0:09 | Farm |
| 0:15 | Lumber Mill |
| 0:20 | Peasant |
| 0:40 | Peasant |
| 0:49 | Scout Tower |
| 0:59 | Peasant |
| 1:05 | Peasant |
| 1:11 | Farm |
| 1:18 | Arcane Tower |
| 1:31 | Peasant |
| 1:38 | Scout Tower |
| 1:41 | Peasant |
| 1:42 | Peasant |
| 1:51 | Scout Tower |
| 1:53 | Peasant |
| 2:06 | Arcane Vault |
| 2:11 | Scout Tower |
| 2:21 | Storm Bolt |
| 2:29 | Scout Tower |
| 2:46 | Guard Tower |
| 2:50 | Peasant |
| 2:50 | Peasant |
| 2:51 | Peasant |
| 2:51 | Peasant |
| 3:05 | Scout Tower |
| 3:05 | Guard Tower |
| 3:21 | Guard Tower |
| 3:41 | Guard Tower |
| 3:44 | Scout Tower |
| 3:53 | Keep |
| 4:11 | Scout Tower |
| 4:12 | Guard Tower |
| 4:24 | Improved Masonry |
| 4:26 | Farm |
| 4:27 | Farm |
| 4:34 | Scout Tower |
| 5:01 | Guard Tower |
| 5:05 | Scout Tower |
| 5:05 | Guard Tower |
| 5:09 | Bash |
| 5:14 | Arcane Vault |
| 5:49 | Scout Tower |
| 5:50 | Guard Tower |
| 6:16 | Arcane Sanctum |
| 6:34 | Castle |
| 6:37 | Scout Tower |
| 6:52 | Arcane Vault |
| 7:12 | Holy Light |
| 7:17 | Guard Tower |
| 7:19 | Scout Tower |
| 7:23 | Advanced Masonry |
| 7:28 | Magic Sentry |
| 7:29 | Imbued Masonry |
| 7:54 | Scout Tower |
| 7:56 | Guard Tower |
| 8:46 | Storm Bolt |
| 9:30 | Scout Tower |
| 9:31 | Guard Tower |
| 9:34 | Boots of Speed |
| 9:34 | Staff of Teleportation |
| 9:59 | Farm |
| 10:00 | Priest |
| 10:02 | Priest Adept Training |
| 10:52 | Staff of Sanctuary |
| 10:52 | Orb of Fire |
| 11:00 | Siphon Mana |
| 11:23 | Divine Shield |
| 11:39 | Scout Tower |
| 12:05 | Priest Master Training |
| 12:23 | Scout Tower |
| 12:26 | Boots of Speed |
| 14:38 | Banish |
| 15:29 | Improved Lumber Harvesting |
| 15:42 | Scout Tower |
| 15:43 | Scout Tower |
| 15:44 | Scout Tower |
| 15:49 | Scout Tower |
| 15:50 | Scout Tower |
| 15:51 | Scout Tower |
| 15:51 | Scout Tower |
| 15:55 | Scout Tower |
| 15:55 | Scout Tower |
| 15:57 | Scout Tower |
| 15:58 | Scout Tower |
| 15:59 | Scout Tower |
| 16:00 | Guard Tower |
| 16:05 | Orb of Fire |
| 16:06 | Staff of Sanctuary |
| 16:08 | Staff of Sanctuary |
| 16:33 | Staff of Sanctuary |
| 16:45 | Boots of Speed |
| 16:45 | Staff of Teleportation |
| 16:53 | Staff of Teleportation |
| 19:12 | Guard Tower |
| 19:14 | Guard Tower |
| 19:26 | Bash |
| 19:42 | Scout Tower |
| 19:43 | Scout Tower |
| 19:43 | Scout Tower |
| 19:44 | Scout Tower |
| 19:46 | Scout Tower |
| 19:47 | Scout Tower |
| 19:48 | Scout Tower |
| 19:49 | Scout Tower |
| 19:49 | Scout Tower |
| 19:50 | Scout Tower |
| 21:33 | Arcane Tower |
| 21:59 | Holy Light |
| 24:33 | Siphon Mana |
| 26:55 | Divine Shield |
| 27:42 | Storm Bolt |
| 29:23 | Periapt of Vitality |
| 29:23 | Circlet of Nobility |
| 29:54 | Banish |
| 33:32 | Periapt of Vitality |
| 33:37 | Circlet of Nobility |
| 35:43 | Holy Light |
| 37:16 | Siphon Mana |
| 37:44 | Avatar |
| Right click | 2579 |
| Select group | 906 |
| Select | 856 |
| Use ability | 227 |
| Chat | 144 |
| Misc. action | 136 |
| Build/train/purchase | 126 |
| Assign group | 93 |
| Minimap ping | 14 |
| Item give/drop | 5 |
| Esc | 1 |



x1)
| Staff of Sanctuary | 3 | 750 |
| Orb of Fire | 2 | 650 |
| Boots of Speed | 4 | 1000 |
| Staff of Teleportation | 3 | 450 |
| Tome of Retraining | 1 | 300 |
| total: | 13 | 3150g |
| Peasant | 20 | 1500 | / | 0 |
| Priest | 2 | 270 | / | 20 |
| Sorceress | 1 | 155 | / | 20 |
| total: | 23 | 1925g | / | 40w |
| Scout Tower | 90 | 2700 | / | 1800 |
| Arcane Tower | 10 | 700 | / | 500 |
| Guard Tower | 39 | 2730 | / | 1950 |
| Altar of Kings | 1 | 180 | / | 50 |
| Farm | 4 | 320 | / | 80 |
| Lumber Mill | 1 | 120 | / | 0 |
| Town Hall | 1 | 385 | / | 205 |
| Arcane Vault | 2 | 260 | / | 60 |
| Arcane Sanctum | 1 | 150 | / | 140 |
| Keep | 2 | 640 | / | 420 |
| Castle | 1 | 360 | / | 210 |
| total: | 100 | 4115g | / | 2335w |
| 0:01 | Peasant |
| 0:02 | Peasant |
| 0:06 | Altar of Kings |
| 0:22 | Farm |
| 0:24 | Peasant |
| 0:34 | Lumber Mill |
| 0:36 | Peasant |
| 0:40 | Farm |
| 0:48 | Peasant |
| 0:55 | Scout Tower |
| 0:58 | Peasant |
| 1:20 | Scout Tower |
| 1:21 | Peasant |
| 1:34 | Peasant |
| 1:39 | Arcane Tower |
| 1:42 | Peasant |
| 1:55 | Scout Tower |
| 1:57 | Peasant |
| 2:05 | Summon Water Elemental |
| 2:18 | Guard Tower |
| 2:19 | Scout Tower |
| 2:20 | Peasant |
| 2:24 | Scout Tower |
| 2:26 | Scout Tower |
| 2:34 | Guard Tower |
| 2:36 | Peasant |
| 3:14 | Peasant |
| 3:15 | Peasant |
| 3:16 | Guard Tower |
| 3:16 | Guard Tower |
| 3:19 | Scout Tower |
| 3:20 | Scout Tower |
| 3:56 | Brilliance Aura |
| 4:00 | Town Hall |
| 4:05 | Scout Tower |
| 4:06 | Scout Tower |
| 4:07 | Scout Tower |
| 4:07 | Scout Tower |
| 4:33 | Arcane Tower |
| 5:05 | Guard Tower |
| 5:06 | Guard Tower |
| 5:07 | Peasant |
| 5:11 | Scout Tower |
| 5:36 | Scout Tower |
| 5:36 | Scout Tower |
| 6:13 | Guard Tower |
| 6:13 | Keep |
| 6:15 | Peasant |
| 6:15 | Peasant |
| 6:19 | Improved Masonry |
| 6:19 | Advanced Masonry |
| 6:43 | Guard Tower |
| 6:43 | Guard Tower |
| 6:47 | Scout Tower |
| 6:47 | Scout Tower |
| 6:48 | Scout Tower |
| 6:48 | Scout Tower |
| 6:49 | Scout Tower |
| 6:49 | Scout Tower |
| 7:13 | Summon Water Elemental |
| 7:35 | Guard Tower |
| 7:36 | Scout Tower |
| 7:37 | Scout Tower |
| 7:38 | Scout Tower |
| 7:38 | Scout Tower |
| 7:38 | Scout Tower |
| 7:40 | Scout Tower |
| 7:40 | Scout Tower |
| 7:40 | Scout Tower |
| 7:41 | Scout Tower |
| 7:42 | Scout Tower |
| 7:44 | Scout Tower |
| 7:44 | Scout Tower |
| 7:45 | Scout Tower |
| 7:45 | Scout Tower |
| 7:46 | Scout Tower |
| 7:52 | Guard Tower |
| 8:50 | Arcane Sanctum |
| 9:20 | Guard Tower |
| 9:21 | Guard Tower |
| 9:26 | Improved Lumber Harvesting |
| 9:47 | Guard Tower |
| 10:04 | Priest Adept Training |
| 10:04 | Magic Sentry |
| 10:05 | Priest |
| 10:13 | Farm |
| 10:23 | Castle |
| 10:46 | Guard Tower |
| 10:51 | Storm Bolt |
| 10:56 | Guard Tower |
| 10:57 | Guard Tower |
| 11:01 | Peasant |
| 11:01 | Peasant |
| 11:02 | Peasant |
| 11:23 | Scout Tower |
| 11:24 | Scout Tower |
| 11:27 | Imbued Masonry |
| 11:29 | Arcane Vault |
| 11:30 | Arcane Vault |
| 11:45 | Boots of Speed |
| 11:59 | Farm |
| 12:10 | Boots of Speed |
| 12:10 | Staff of Teleportation |
| 12:21 | Scout Tower |
| 12:21 | Scout Tower |
| 12:22 | Scout Tower |
| 12:22 | Scout Tower |
| 12:34 | Guard Tower |
| 12:35 | Scout Tower |
| 12:35 | Scout Tower |
| 12:37 | Scout Tower |
| 12:37 | Scout Tower |
| 12:37 | Scout Tower |
| 12:38 | Scout Tower |
| 12:40 | Guard Tower |
| 14:17 | Guard Tower |
| 14:18 | Brilliance Aura |
| 14:36 | Arcane Tower |
| 14:53 | Bash |
| 15:30 | Holy Light |
| 15:32 | Scout Tower |
| 15:32 | Scout Tower |
| 15:40 | Advanced Lumber Harvesting |
| 15:44 | Guard Tower |
| 15:46 | Scout Tower |
| 15:46 | Scout Tower |
| 15:47 | Scout Tower |
| 15:48 | Scout Tower |
| 15:48 | Guard Tower |
| 15:49 | Guard Tower |
| 15:58 | Guard Tower |
| 16:41 | Guard Tower |
| 18:11 | Guard Tower |
| 18:14 | Staff of Sanctuary |
| 18:21 | Staff of Sanctuary |
| 18:22 | Sorceress |
| 18:23 | Sorceress Adept Training |
| 18:31 | Scout Tower |
| 18:32 | Scout Tower |
| 18:34 | Scout Tower |
| 18:35 | Scout Tower |
| 19:03 | Boots of Speed |
| 19:03 | Staff of Teleportation |
| 19:23 | Scout Tower |
| 19:24 | Scout Tower |
| 19:24 | Scout Tower |
| 19:25 | Scout Tower |
| 19:28 | Scout Tower |
| 19:29 | Scout Tower |
| 19:29 | Scout Tower |
| 19:30 | Scout Tower |
| 19:30 | Scout Tower |
| 19:31 | Scout Tower |
| 19:31 | Scout Tower |
| 19:33 | Guard Tower |
| 19:37 | Scout Tower |
| 19:37 | Scout Tower |
| 19:39 | Scout Tower |
| 19:39 | Scout Tower |
| 19:40 | Guard Tower |
| 20:12 | Boots of Speed |
| 20:12 | Staff of Teleportation |
| 20:19 | Orb of Fire |
| 20:21 | Staff of Sanctuary |
| 20:24 | Tome of Retraining |
| 20:24 | Retrain Hero |
| 20:29 | Blizzard |
| 20:29 | Brilliance Aura |
| 20:29 | Blizzard |
| 20:29 | Brilliance Aura |
| 21:07 | Guard Tower |
| 21:15 | Divine Shield |
| 21:30 | Guard Tower |
| 22:00 | Guard Tower |
| 22:01 | Arcane Tower |
| 22:01 | Guard Tower |
| 22:02 | Guard Tower |
| 22:03 | Scout Tower |
| 22:04 | Scout Tower |
| 22:05 | Scout Tower |
| 22:05 | Scout Tower |
| 22:13 | Arcane Tower |
| 22:14 | Guard Tower |
| 24:20 | Priest |
| 25:19 | Holy Light |
| 25:40 | Brilliance Aura |
| 26:00 | Storm Bolt |
| 26:53 | Guard Tower |
| 27:45 | Scout Tower |
| 27:46 | Scout Tower |
| 27:46 | Scout Tower |
| 27:46 | Scout Tower |
| 27:47 | Scout Tower |
| 27:47 | Scout Tower |
| 27:48 | Scout Tower |
| 27:48 | Scout Tower |
| 27:49 | Scout Tower |
| 28:24 | Arcane Tower |
| 29:09 | Arcane Tower |
| 30:10 | Orb of Fire |
| 31:30 | Bash |
| 32:22 | Divine Shield |
| 33:20 | Arcane Tower |
| 36:41 | Mass Teleport |
| 38:58 | Scout Tower |
| 38:58 | Scout Tower |
| 38:59 | Scout Tower |
| 38:59 | Scout Tower |
| 41:31 | Holy Light |
| Right click | 3777 |
| Select | 754 |
| Select group | 726 |
| Chat | 426 |
| Build/train/purchase | 216 |
| Use ability | 167 |
| Assign group | 52 |
| Minimap ping | 25 |
| Misc. action | 20 |
| Item give/drop | 6 |
| Remove unit | 1 |